 Dungeon Crawl Stone Soup version 0.27-a0-1378-gdefffd1ff6 (webtiles) character file.

Game seed: 164302596404394559

494 freelancePsychic the Skirmisher (level 7, 0/56 HPs)
             Began as a Human Wanderer on June 29, 2021.
             Slain by a mummy (14 damage)
             ... in an ossuary.
             The game lasted 00:11:24 (5753 turns).

freelancePsychic the Skirmisher (Human Wanderer)    Turns: 5753, Time: 00:11:25

Health: 0/56       AC:  9    Str: 11    XL:     7   Next: 38%
Magic:  4/9        EV: 11    Int: 15    God:
Gold:   277        SH:  0    Dex: 19    Spells: 5/9 levels left

rFire    . . .     SeeInvis .   a - +1 dagger (freeze)
rCold    . . .     Faith    .   (no shield)
rNeg     . . .     Spirit   .   b - +2 leather armour
rPois    .         Reflect  .   g - +0 helmet
rElec    .         Harm     .   (no cloak)
rCorr    .         Rampage  .   c - +0 pair of gloves
Will     .....                  n - +1 pair of boots
Stlth    ++........             (no amulet)
HPRegen  0.18/turn              d - +6 ring of dexterity
MPRegen  0.11/turn              (no ring)

@: no status effects
A: no striking features
a: no special abilities


You were in an ossuary.
You visited 1 branch of the dungeon, and saw 5 of its levels.
You also visited: Ossuary.

You collected 277 gold pieces.

Inventory:

Hand Weapons
 a - a +1 dagger of freezing (weapon)
Missiles
 e - 50 stones
 p - a throwing net
Armour
 b - a +2 leather armour (worn)
 c - a +0 pair of gloves (worn)
 f - a +0 buckler
 g - a +0 helmet (worn)
 n - a +1 pair of boots (worn)
Jewellery
 d - a +6 ring of dexterity (left hand)
Scrolls
 h - 2 scrolls of amnesia
 i - 2 scrolls of identify {@r1}
 k - 2 scrolls of brand weapon
 l - a scroll of enchant weapon
 q - a scroll of silence
 r - a scroll of vulnerability
 s - a scroll of enchant armour
Potions
 j - a potion of resistance
 m - a potion of curing {@q1}
 o - a potion of heal wounds {@q2}
 t - a potion of berserk rage {unknown}
 u - a potion of ambrosia {unknown}


   Skills:
 - Level 5.0 Fighting
 - Level 1.0 Dodging
 - Level 1.0 Stealth
 - Level 1.0 Shields
 - Level 2.0 Unarmed Combat
 - Level 1.7 Spellcasting
 + Level 4.7 Conjurations
 + Level 4.6 Earth Magic


You had 5 spell levels left.
You knew the following spells:

 Your Spells              Type           Power      Damage    Failure   Level
a - Sandblast             Erth           30%        2d9       4%          1
b - Stone Arrow           Conj/Erth      30%        3d8       13%         3

Your spell library contained the following spells:

 Spells                   Type           Power      Damage    Failure   Level
 Foxfire                  Conj/Fire      32%        2x1d5     12%         1
 Corona                   Hex            1%         N/A       30%         1
 Conjure Flame            Conj/Fire      8%         6-21      34%         3
 Confusing Touch          Hex            1%         N/A       65%         3
 Inner Flame              Hex/Fire       1%         N/A       65%         3
 Sticky Flame             Conj/Fire      8%         2d3       75%         4
 Fireball                 Conj/Fire      4%         3d4       97%         5


Dungeon Overview and Level Annotations

Branches:
Dungeon (5/15)            Ossuary (1/1)
 Temple: D:4-7

Altars:
Sif Muna
Wu Jian

Shops:
D:3 (


Message History

v - a scroll labelled APOIKO CAIDGHE
There are no items here.
As you read the scroll labelled APOIKO CAIDGHE, it crumbles to dust.
You hear a loud clanging noise!
It was a scroll of noise.
You see here 14 gold pieces.
You now have 265 gold pieces (gained 14).
You see here 12 gold pieces.
You now have 277 gold pieces (gained 12).
Okay, then.
You feel better.
Casting: Sandblast (safe; 4% risk of failure)
Confirm with . or Enter, or press ? or * to list all spells.
Aiming: Sandblast (safe; 4% risk of failure)
Press: ? - help, Shift-Dir - straight line, f - you
Okay, then.
Casting: Sandblast (safe; 4% risk of failure)
Confirm with . or Enter, or press ? or * to list all spells.
Aiming: Stone Arrow (dangerous; 13% risk of failure)
Press: ? - help, Shift-Dir - straight line, f - mummy
Aim: a mummy (85% to hit)
The stone arrow hits the mummy.
The mummy is lightly damaged.
Casting: Stone Arrow (dangerous; 13% risk of failure)
Confirm with . or Enter, or press ? or * to list all spells.
Aiming: Stone Arrow (dangerous; 13% risk of failure)
Press: ? - help, Shift-Dir - straight line, f/p - mummy
Aim: a mummy (lightly damaged, 85% to hit)
The stone arrow hits the mummy!
The mummy is severely damaged.
Casting: Stone Arrow (dangerous; 13% risk of failure)
Confirm with . or Enter, or press ? or * to list all spells.
You don't have enough magic to cast this spell.
Unknown command.
The mummy hits you. The mummy hits you! The mummy hits you!
* * * LOW HITPOINT WARNING * * *
There is an open door here.
The mummy hits you!
You die...

####### #######
##...... M.....##
##......####......##
#......##..##......#
#.....##....##.....#
#.......MM@........#
##...M............#
##.M............#
#'##........##'#
##..##......##..##
##.M..##....##....##
##!.....#.Z..#..MMM.##
#$.!.M..#....#..Z.M.$#
#$!!....#....#...Z..$#


You could see 4 mummies and a kobold zombie.

Vanquished Creatures
  A phantom (D:4)
  A bullfrog zombie (D:5)
  An orc priest (D:3)
  2 hounds (D:4)
  An orc wizard (D:3)
  A mummy (Ossuary)
  7 gnolls
  7 adders
  An ufetubus (D:5)
  A worm (D:4)
  4 dart slugs
  6 orcs (D:3)
  9 bats
  8 endoplasms
  4 giant cockroaches
  2 gnoll zombies (Ossuary)
  8 hobgoblins
  4 jackals (D:2)
  2 quokkas
  6 ball pythons
  6 frilled lizards
  12 goblins
  3 hobgoblin zombies (Ossuary)
  10 kobolds
  A kobold zombie (Ossuary)
  6 rats
114 creatures vanquished.

Notes
Turn   | Place    | Note
-------+----------+-------------------------------------------
     0 | D:1      | freelancePsychic the Human Wanderer began the quest for the
                  | Orb.
     0 | D:1      | freelancePsychic set off with the following items: a +0
                  | dagger, a +2 leather armour; and the following spells
                  | available to memorise: Corona, Sandblast, Confusing Touch,
                  | Stone Arrow
     0 | D:1      | Reached XP level 1. HP: 21/21 MP: 1/1
   193 | D:1      | Reached XP level 2. HP: 27/27 MP: 2/2
   294 | D:1      | Reached skill level 1 in Conjurations
   294 | D:1      | Reached skill level 1 in Earth Magic
   356 | D:1      | Reached skill level 1 in Spellcasting
   478 | D:1      | Reached XP level 3. HP: 28/33 MP: 4/4
   747 | D:1      | Found a faded altar of an unknown god.
  1100 | D:1      | Learned a level 1 spell: Sandblast
  1623 | D:2      | Reached XP level 4. HP: 26/39 MP: 0/6
  1955 | D:2      | Learned a level 3 spell: Stone Arrow
  2348 | D:2      | Reached XP level 5. HP: 32/44 MP: 1/7
  3029 | D:3      | Found an ornate altar of the Wu Jian Council.
  3687 | D:3      | Reached XP level 6. HP: 38/51 MP: 2/8
  3966 | D:3      | Found Etumpeqi's Antique Weapon Emporium.
  4718 | D:4      | Found a shimmering blue altar of Sif Muna.
  4749 | D:4      | Reached XP level 7. HP: 53/56 MP: 3/9
  5344 | D:5      | Entered Level 5 of the Dungeon
  5548 | D:5      | Found a sand-covered staircase.
  5563 | Ossuary  | Entered an ossuary
  5753 | Ossuary  | Slain by a mummy

Illustrated notes

Levels and vault maps discovered:
D:1:      tarquinn_simple_flora_water_f, layout_basic,
          shapermc_ecumenical_altar_hornbeckon
D:2:      layout_rooms, minmay_misc_feat_rugged, minmay_divided_ellipse
D:3:      layout_basic, nicolae_wu_jian_immortal_techniques, serial_shops, shop
D:4:      layout_loops_ring, overflow_temple_1_default,
          hangedman_decor_peaks_small
D:5:      layout_loops_cross, nicolae_ossuary_entry_monument
Ossuary:  ossuary_tomb_3

Skill      XL: |  1  2  3  4  5  6 |
---------------+-------------------+-----
Conjurations   | 1 2 3 4 |  4.7
Earth Magic    | 1 2 3 4 |  4.6
Spellcasting   | 1 |  1.7
Fighting       | |  5.0
Dodging        | |  1.0
Stealth        | |  1.0
Shields        | |  1.0
Unarmed Combat | |  2.0

Action                   |  1- 3 |  4- 6 |  7- 9 || total
-------------------------+-------+-------+-------++-------
Melee: Dagger            |   177 |   181 |    92 ||   450
       Punch             |     2 |     1 |     3 ||     6
Throw: Stone             |       |     1 |       ||     1
 Cast: Sandblast         |     4 |    55 |    25 ||    84
       Stone Arrow       |       |       |     2 ||     2
  Use: Potion            |     1 |       |     1 ||     2
       Scroll            |       |     7 |     4 ||    11
 Stab: Sleeping          |       |     2 |     1 ||     3
Armor: Leather armour    |    68 |    74 |    40 ||   182
Dodge: Dodged            |   125 |   126 |    68 ||   319

Table legend: (Time is in decaauts)
 A = Elapsed time spent in this place.
 B = Non-inter-level travel time spent in this place.
 C = Inter-level travel time spent in this place.
 D = Time resting spent in this place.
 E = Time spent auto-exploring this place.
 F = Levels seen in this place.
 G = Mean time per level.
                   A        B        C        D        E       F      G
               +--------+--------+--------+--------+--------+-----+--------+
         Total |   5762 |   5669 |     93 |    117 |   4188 |   6 |  960.3 |
       Dungeon |   5572 |   5479 |     93 |    117 |   4171 |   5 | 1114.4 |
       Ossuary |    189 |    189 |      0 |      0 |     17 |   1 |  189.0 |
               +--------+--------+--------+--------+--------+-----+--------+

Top non-repeatable levels by time:
     D:2: 1555 daAuts
     D:3: 1405 daAuts
     D:1: 1308 daAuts
     D:4: 1084 daAuts
     D:5: 218 daAuts
 Ossuary: 189 daAuts
